 Dungeon Crawl Stone Soup version 0.20-a0-470-gbb038bd (webtiles) character file.

28 Amnesiac the Magician (level 3, -5/24 HPs)
             Began as a Mummy Enchanter on Jan 13, 2017.
             Slain by a worker ant (7 damage)
             ... on level 3 of the Dungeon.
             The game lasted 00:01:42 (700 turns).

Amnesiac the Magician (Mummy Enchanter)              Turns: 700, Time: 00:01:42

Health: -5/24      AC:  5    Str: 11    XL:     3   Next: 0%
Magic:  1/7        EV: 10    Int: 15    God:
Gold:   6          SH:  0    Dex: 12    Spells: 1/8 levels left

rFire  x . .     SeeInvis .     a - +1 dagger
rCold  + . .     Gourm    .     d - +0 ring mail
rNeg   + + +     Faith    .     (no shield)
rPois  ∞         Spirit   .     (no helmet)
rElec  .         Reflect  .     (no cloak)
rCorr  .         Harm     .     (no gloves)
MR     .....                    (no boots)
Stlth  +.........               (no amulet)
                                (no ring)
                                (no ring)

@: very slightly contaminated
A: no food or potions, fire vulnerability, cold resistance 1, negative energy
resistance 3, torment resistance, unbreathing
a: no special abilities


You were on level 3 of the Dungeon.
You were not hungry.

You visited 1 branch of the dungeon, and saw 4 of its levels.

You collected 6 gold pieces.

Inventory:

Hand Weapons
 a - a +1 dagger (weapon)
Armour
 b - a +0 robe
 d - a +0 ring mail (worn)
Books
 c - a book of Maledictions

   Spells                             Type                      Level
   a - Corona                         Hexes                        1
   b - Ensorcelled Hibernation        Hexes/Ice                    2
   c - Confuse                        Hexes                        3
   d - Tukima's Dance                 Hexes                        3
   e - Dazzling Spray                 Conjuration/Hexes            3


   Skills:
 - Level 0.7 Short Blades
 - Level 1.5 Dodging
 - Level 2.4 Stealth
 + Level 3.4 Spellcasting
 * Level 3.3 Hexes


You had one spell level left.
You knew the following spells:

 Your Spells              Type           Power        Failure   Level  Hunger
e - Confuse               Hex            ##......     38%         3    N/A
f - Corona                Hex            ##.....      14%         1    N/A
w - Tukima's Dance        Hex            ##......     38%         3    N/A

Dungeon Overview and Level Annotations

Branches:
Dungeon (4/15)
 Temple: D:4-7

Altars:


Innate Abilities, Weirdness & Mutations

You do not eat or drink.
Your flesh is vulnerable to fire.
You are immune to poison.
Your flesh is cold resistant. (rC+)
You are immune to negative energy. (rN+++)
You are immune to unholy pain and torment.
You can survive without breathing.


Message History

The worker ant misses you. The worker ant bites you.
* * * LOW HITPOINT WARNING * * *
The worker ant completely misses you.
Casting: Confuse
Confirm with . or Enter, or press ? or * to list all spells.
Aiming: Confuse
Press: ? - help, Shift-Dir - straight line, f/p - worker ant
Aim: a worker ant (chance to defeat MR: 51%)
The worker ant resists with significant effort.
The worker ant bites you.
* * * LOW HITPOINT WARNING * * *
The worker ant bites you but does no damage.
You hear the slow rusting of a very distant drain.
The worker ant bites you.
* * * LOW HITPOINT WARNING * * *
The worker ant bites you.
* * * LOW HITPOINT WARNING * * *
The worker ant bites you!
You die...

## #.##.......#
..##.##.#####.####
#.#..##.##.......#
#........>.##.##.#
......#.#####.##.#
##...##... ..##.#
##.############.##
#.# #.a## #.#
##@#.## ##†##
#.###.# ##...##
##.#.## #.....##
##.## .......##
#........#
.<......#
#...##.##.#
........+ .... #.#
# ........# ##.
..# .......## #
###


You could see a worker ant.

Vanquished Creatures
  2 adders (D:3)
  2 bats (D:1)
  A giant cockroach (D:3)
  2 jackals (D:1)
  A quokka (D:1)
  A rat (D:1)
9 creatures vanquished.

Notes
Turn   | Place    | Note
-------+----------+-------------------------------------------
     0 | D:1      | Amnesiac the Mummy Enchanter began the quest for the Orb.
     0 | D:1      | Reached XP level 1. HP: 13/13 MP: 4/4
   598 | D:3      | Reached XP level 2. HP: 19/19 MP: 3/6
   621 | D:3      | Reached XP level 3. HP: 5/24 MP: 2/7
   626 | D:3      | Learned a level 3 spell: Confuse
   630 | D:3      | Learned a level 3 spell: Tukima's Dance
   694 | D:3      | HP: 1/24 [worker ant (1)]
   700 | D:3      | Slain by a worker ant

Vault maps used:
D:1:      sevenhm_arrival_forest_fort_small_1
D:2:      chequers_ecumenical_altar_simple
D:3:      gup_sewer_entry_spiral, minmay_hedge_maze,
          nicolae_qazlal_style_of_elements
D:4:      corexii_shantytown, kennysheep_big_empty_room

Skill      XL: |  1 |
---------------+----+-----
Spellcasting   | 3 |  3.4
Hexes          | 3 |  3.3
Short Blades   | |  0.7
Dodging        | |  1.5
Stealth        | |  2.4

Action                   || total
-------------------------++-------
Melee: Dagger            ||    44
 Cast: Corona            ||    10
       Confuse           ||     1
  Use: Scroll            ||     1
Armor: Ring mail         ||    28
       Robe              ||     2
Dodge: Dodged            ||    54
